 Seeded DCSS version 0.30-a0-743-gbfdf073431 (webtiles) character file.

Game seed: 5430720872467839093 (custom seed)

27100 purpskrrrp the Warrior (level 13, -17/174 HPs)
             Began as a Demonspawn Fighter on Feb 7, 2023.
             Was an Elder of Nemelex Xobeh.
             Shot with an arrow by Nessos (21 damage)
             ... on level 13 of the Dungeon.
             The game lasted 00:28:09 (13126 turns).

purpskrrrp the Warrior (Demonspawn Fighter)        Turns: 13126, Time: 00:28:10

Health: -17/174    AC: 12    Str: 35    XL:     13   Next: 2%
Magic:  0/20       EV: 13    Int: 24    God:    Nemelex Xobeh [****..]
Gold:   541        SH:  8    Dex:  9    Spells: 8/12 levels left

rFire   + + +      SeeInvis .    s - +5 broad axe (heavy)
rCold   + . .      Faith    .    Y - +3 buckler {rC+ rF+}
rNeg    . . .      Spirit   +    b - +0 scale mail
rPois   .          Reflect  .    (helmet restricted)
rElec   .          Harm     .    n - +0 cloak "Keijas" {Int+8 Dex+2}
rCorr   .          Rampage  +    (no gloves)
Will    .....                    N - +2 pair of boots {rF+} Stlth
                                 r - amulet "Hanoal" {Spirit Rampage rF+ Str+9 Dex-5}
HPRegen 0.49/turn                m - +6 ring of strength
MPRegen 0.17/turn                H - +6 ring of intelligence

@: berserking (expiring), lethally poisoned (-17 -> -24), spiked, very quick
A: repulsion field 2, powered by death 1, demonic magic 1, demonic touch 2,
horns 1, clumsy 1
a: Renounce Religion, Draw Escape, Draw Destruction, Draw Summoning, Triple
Draw, Deal Four


You were on level 13 of the Dungeon.
You worshipped Nemelex Xobeh.
Nemelex Xobeh was greatly pleased with you.
You visited 2 branches of the dungeon, and saw 14 of its levels.
You also visited: Gauntlet.

You collected 863 gold pieces.
You spent 322 gold pieces at shops.

Inventory:

Hand Weapons
 c - the +5 battleaxe "Ysoerasm" {holy, rPois Will+ Int-4 Dex+2}
   (You found it in a Gauntlet)

   Int:       It affects your intelligence (-4).
   Dex:       It affects your dexterity (+2).
   rPois:     It protects you from poison.
   Will:      It increases your willpower.
 q - the +5 consecrated labrys {holy, Valiant Fragile Fly SInv}
   (You took it off a minotaur in a Gauntlet)

   Valiant:   It becomes more powerful as more dangerous foes come into view.
   SInv:      It lets you see invisible.
   Fly:       It grants you flight.
   Fragile:   It will be destroyed if unequipped.
 s - a +5 heavy broad axe (weapon)
Armour
 b - a +0 scale mail (worn)
 n - the +0 cloak "Keijas" (worn) {Int+8 Dex+2}
   (You acquired it on level 2 of the Dungeon)

   Int:       It affects your intelligence (+8).
   Dex:       It affects your dexterity (+2).
 N - a +2 pair of boots of fire resistance (worn)
 Y - a +3 buckler of resistance (worn)
Jewellery
 a - a ring of poison resistance
 e - a ring of flight
 g - a ring of protection from cold
 m - a +6 ring of strength (left hand)
 r - the amulet "Hanoal" (around neck) {Spirit Rampage rF+ Str+9 Dex-5}
   (You acquired it on level 2 of the Dungeon)

   [amulet of guardian spirit]

   It causes incoming damage to be divided between your reserves of health and
   magic.
   Str:       It affects your strength (+9).
   Dex:       It affects your dexterity (-5).
   rF:        It protects you from fire.
   Rampage:   It bestows one free step when moving towards enemies.
 H - a +6 ring of intelligence (right hand)
 L - a +4 ring of slaying
 S - a ring of wizardry
 V - a +6 ring of intelligence
 W - a +4 ring of slaying
Wands
 t - a wand of mindburst (3)
 I - a wand of flame (1)
 Q - a wand of polymorph (16)
 R - a wand of digging (9)
 T - a wand of paralysis (6)
Scrolls
 d - a scroll of fog {unknown}
 f - a scroll of torment
 h - a scroll of butterflies {unknown}
 i - 4 scrolls of noise
 l - 3 scrolls of teleportation
 o - 2 scrolls of enchant armour
 p - 2 scrolls of immolation
 y - a scroll of silence {unknown}
 B - a scroll of blinking
 D - 3 scrolls of magic mapping
Potions
 j - 3 potions of attraction
 k - 4 potions of curing
 u - a potion of ambrosia
 v - 4 potions of lignification {unknown}
 E - a potion of magic {unknown}
 G - a potion of resistance
 K - a potion of invisibility {unknown}
 O - 2 potions of flight
Miscellaneous
 w - a lightning rod (4/4)


   Skills:
 * Level 15.3 Fighting
 * Level 11.1 Axes
 + Level 8.1 Armour
 + Level 8.1 Shields
 + Level 4.6 Translocations
 + Level 10.2 Invocations


You had 8 spell levels left.
You knew the following spells:

 Your Spells              Type           Power      Damage    Failure   Level
a - Manifold Assault      Tloc           22%        N/A       41%         4

Your spell library contained the following spells:

 Spells                   Type           Power      Damage    Failure   Level
 Blink                    Tloc           44%        N/A       7%          2
 Kiss of Death            Conj/Necr      0%         2d5       30%         1
 Slow                     Hex            0%         N/A       30%         1
 Sting                    Tmut/Pois      0%         1d3       30%         1
 Vhi's Electric Charge    Tloc/Air       22%        N/A       34%         3
 Cigotuvi's Dreadful Rot  Necr/Pois/Air  0%         N/A       43%         2
 Poisonous Vapours        Pois/Air       0%         N/A       43%         2
 Static Discharge         Conj/Air       0%         2-2/arc   43%         2
 Confusing Touch          Hex            0%         N/A       67%         3
 Inner Flame              Hex/Fire       0%         N/A       67%         3
 Ozocubu's Armour         Ice            0%         N/A       67%         3
 Vampiric Draining        Necr           0%         2d6       67%         3
 Dispel Undead            Necr           0%         3d6       97%         4
 Flame Wave               Conj/Fire      0%         2d4       97%         4
 Olgreb's Toxic Radiance  Pois           0%         N/A       97%         4
 Sticky Flame             Conj/Fire      0%         2d3       97%         4
 Arcjolt                  Conj/Air       0%         1d10      100%        5
 Lightning Bolt           Conj/Air       0%         1d11      100%        5
 Death Channel            Necr           0%         N/A       100%        6
 Ozocubu's Refrigeration  Ice            0%         4d7       100%        7
 Storm Form               Tmut/Air       0%         N/A       100%        7


Dungeon Overview and Level Annotations

Branches:
Dungeon (13/15)            Temple (1/1) D:4            Lair (0/5) D:11
    Orc (0/2) D:11        Gauntlet (visited)
 Vaults: D:13-14

Altars:
Ashenzari
Cheibriados
Dithmenos
Fedhas
Gozag
Hepliaklqana
Kikubaaqudgha
Makhleb
Nemelex Xobeh
Okawaru
Qazlal
Ru
Sif Muna
Trog
Uskayaw
Vehumet
Wu Jian
Xom
Yredelemnul

Shops:
D:2 ?   D:9 *

Annotations:
D:13 Nessos
Abyss:1 Snorg


Innate Abilities, Weirdness & Mutations

You are surrounded by a moderate repulsion field. (EV +3)
You regenerate a little health from kills.
Spells you cast may paralyse adjacent enemies.
Your touch may inflict irresistible damage on your foes.
You have a pair of small horns on your head.
You are clumsy. (Dex -2)


Message History

The manticore flicks its tail.
The volley of spikes hits you!
The barbed spikes become lodged in your body.
* * * LOW HITPOINT WARNING * * *
You slice the slime creature!! You headbutt the slime creature.
You kill the slime creature!
Nessos wields a +1 longbow of flaming.
It bursts into flame!
Nessos shoots an arrow.
The arrow closely misses you.
Nessos shoots an arrow.
The arrow hits you.
* * * LOW HITPOINT WARNING * * *
You have reached level 13!
You carve the manticore like a ham!!! Your headbutt misses the manticore.
The manticore is almost dead.
Nessos pounds the earth with their hooves.
Nessos shoots an arrow.
You block the arrow.
Nessos shoots an arrow.
You block the arrow. The manticore bites you!
* * * LOW HITPOINT WARNING * * *
The manticore misses you. The manticore claws you.
* * * LOW HITPOINT WARNING * * *
You slice the manticore!!
You kill the manticore!
Nessos shoots an arrow.
The arrow closely misses you.
Nessos shoots an arrow.
The arrow hits you.
* * * LOW HITPOINT WARNING * * *
Nessos casts a spell.
Nessos blinks!
You are too berserk!
Nessos shoots an arrow.
The arrow hits you!
* * * LOW HITPOINT WARNING * * *
The arrow burns you.
You are lethally poisoned!
* * * LOW HITPOINT WARNING * * *
You are too berserk!
You feel a strong urge to attack something.
* * * LOW HITPOINT WARNING * * *
You feel very sick.
Nessos mumbles some strange words.
Nessos blinks!
Nessos shoots an arrow.
The arrow hits you!!
You die...
Your body glows slightly and disappears.

..###..<.......
........###..........
..c.....###..........
###.$....§...........
###..................
###.(=...............
.....................
.......†.....###.....
......>@.....###
.......†.....###
######.......§........
......###.......?.....
......###.............
......###.............
#.............###<....
##............###.....
#.............###.....


You could see Nessos (fast).

Vanquished Creatures
  A minotaur (Gauntlet)
  A hydra (D:13)
  6 two-headed ogres
  A boulder beetle (D:12)
  A death scarab (Gauntlet)
  A necromancer (Gauntlet)
  A deep elf pyromancer (D:13)
  An ugly thing (D:11)
  2 cyclopes
  3 manticores
  Joseph (D:8)
  A gargoyle (D:11)
  The ghost of Soil the Covered, a novice HuFi of Trog (D:4)
  An unseen horror (D:12)
  Psyche (D:8)
  An efreet (Gauntlet)
  A komodo dragon (D:11)
  3 trolls
  A hornet (D:8)
  6 slime creatures
  A wraith (D:9)
  2 shadows
  A spectral komodo dragon (Gauntlet)
  A wyvern (D:8)
  A water elemental (D:11)
  36 yaks
  A fire elemental (Gauntlet)
  4 vampire mosquitoes (D:13)
  2 acid dragons
  3 water moccasins
  2 hell hounds (Gauntlet)
  Duvessa (D:5)
  10 orc warriors
  2 ice beasts
  A sky beast (D:7)
  9 centaurs
  An ogre (D:7)
  4 wolves (Gauntlet)
  2 kobold brigands
  Blork the orc (D:4)
  6 bullfrogs
  6 gnoll sergeants
  3 scorpions
  4 necrophages
  Dowan (D:5)
  5 wights
  10 electric eels
  5 howler monkeys
  A crimson imp (D:7)
  A gnoll bouda (D:6)
  11 orc priests
  4 hounds (D:6)
  A jelly (D:6)
  3 iguanas
  17 orc wizards
  36 gnolls
  12 adders
  A shadow imp (D:6)
  6 white imps
  An ufetubus (D:5)
  3 worms (D:4)
  A dart slug (D:4)
  47 orcs
  3 bats
  8 endoplasms
  3 giant cockroaches
  7 hobgoblins
  7 jackals
  12 kobolds
  5 quokkas
  8 ball pythons
  2 frilled lizards
  4 goblins
  3 rats
367 creatures vanquished.

Vanquished Creatures (others)
  A wizard (D:8)
  An orc (D:11)
  23 withered plants (Gauntlet)
25 creatures vanquished.

Grand Total: 392 creatures vanquished

Notes
Turn   | Place    | Note
-------+----------+-------------------------------------------
     0 | D:1      | purpskrrrp the Demonspawn Fighter began the quest for the
                  | Orb.
     0 | D:1      | Reached XP level 1. HP: 18/18 MP: 1/1
   121 | D:1      | Gained mutation: You are surrounded by a mild repulsion
                  | field. (EV +2) [demonic ancestry]
   121 | D:1      | Reached XP level 2. HP: 14/24 MP: 2/2
  1047 | D:2      | Reached XP level 3. HP: 29/29 MP: 3/3
  1129 | D:2      | Reached XP level 4. HP: 33/35 MP: 4/4
  1302 | D:2      | Noticed a necrophage
  1306 | D:2      | Killed a necrophage
  1414 | D:2      | Found Doddoiw's Magic Scroll Shoppe.
  1537 | D:2      | Identified 4 scrolls of acquirement
  1537 | D:2      | Acquired the amulet "Hanoal" {Spirit Rampage rF+ Str+9
                  | Dex-5}
  1546 | D:2      | Acquired a +2 broad axe of flaming
  1548 | D:2      | Acquired a manual of Fighting
  1550 | D:2      | Acquired the +0 cloak "Keijas" {Int+8 Dex+2}
  1607 | D:3      | Reached XP level 5. HP: 34/42 MP: 2/5
  1611 | D:3      | Reached skill level 4 in Fighting
  1672 | D:3      | Identified the +3 short sword of the Manifold Quests
                  | {flame, rElec Int+5}
  1798 | D:3      | Gained mutation: You regenerate a little health from kills.
                  | [demonic ancestry]
  1798 | D:3      | Reached XP level 6. HP: 31/50 MP: 4/6
  1895 | D:3      | Found an iron altar of Okawaru.
  1975 | D:3      | Identified the +2 robe of Binutifa {rPois Dex+5}
  2067 | D:3      | Found a faded altar of an unknown god.
  2176 | D:3      | Gained mutation: You are clumsy. (Dex -2) [potion of
                  | mutation]
  2176 | D:3      | Gained mutation: You have a pair of small horns on your
                  | head. [potion of mutation]
  2218 | D:4      | Reached skill level 5 in Fighting
  2232 | D:4      | Found a runed translucent door.
  2233 | D:4      | Found a staircase to the Ecumenical Temple.
  2238 | D:4      | Noticed Soil's ghost (novice HuFi)
  2285 | Temple   | Entered the Ecumenical Temple
  2357 | Temple   | Became a worshipper of Nemelex Xobeh the Trickster
  2889 | D:4      | Noticed Blork the orc
  2894 | D:4      | Killed Blork the orc
  2895 | D:4      | Reached skill level 1 in Invocations
  2952 | D:4      | Reached XP level 7. HP: 57/57 MP: 7/7
  2968 | D:4      | Reached skill level 6 in Fighting
  3384 | D:4      | Killed Soil's ghost
  3385 | D:4      | Reached skill level 7 in Fighting
  3385 | D:4      | Reached skill level 5 in Axes
  3540 | D:5      | Entered Level 5 of the Dungeon
  3610 | D:5      | Reached XP level 8. HP: 67/67 MP: 10/10
  3782 | D:5      | Noticed a two-headed ogre
  3933 | D:5      | Killed a two-headed ogre
  3934 | D:5      | Reached skill level 8 in Fighting
  4344 | D:5      | Noticed Dowan
  4344 | D:5      | Noticed Duvessa
  4352 | D:5      | Killed Duvessa
  4353 | D:5      | Reached skill level 9 in Fighting
  4354 | D:5      | Killed Dowan
  4355 | D:5      | Reached skill level 5 in Armour
  4355 | D:5      | Reached skill level 5 in Shields
  4355 | D:5      | Gained mutation: Your touch may inflict minor irresistible
                  | damage on your foes. [demonic ancestry]
  4355 | D:5      | Reached XP level 9. HP: 74/76 MP: 10/12
  4448 | D:5      | Reached * piety under Nemelex Xobeh
  4668 | D:6      | Noticed a two-headed ogre
  4672 | D:6      | Killed a two-headed ogre
  4673 | D:6      | Reached skill level 5 in Invocations
  4696 | D:6      | Reached skill level 10 in Fighting
  4773 | D:6      | Received a gift from Nemelex Xobeh
  4778 | D:6      | Found an opulent altar of Gozag.
  4793 | D:6      | Found a broken altar of Ashenzari.
  4859 | D:6      | Found an ancient bone altar of Kikubaaqudgha.
  4863 | D:6      | Found a blossoming altar of Fedhas.
  4863 | D:6      | Found a burning altar of Makhleb.
  5502 | D:6      | Reached ** piety under Nemelex Xobeh
  5793 | D:7      | Reached skill level 11 in Fighting
  5793 | D:7      | Gained mutation: You are surrounded by a moderate repulsion
                  | field. (EV +3) [demonic ancestry]
  5793 | D:7      | Reached XP level 10. HP: 87/87 MP: 12/14
  6314 | D:8      | Paralysed by a hornet for 1 turns
  6556 | D:8      | Noticed Psyche
  6570 | D:8      | Killed Psyche
  6723 | D:8      | Reached skill level 12 in Fighting
  6724 | D:8      | Noticed Joseph
  6724 | D:8      | Paralysed by Joseph for 4 turns
  6738 | D:8      | Killed Joseph
  7124 | D:8      | Found a bloodstained altar of Trog.
  7127 | D:8      | Noticed a wizard
  7132 | D:8      | Killed a wizard
  7509 | D:8      | Received a gift from Nemelex Xobeh
  7608 | D:8      | Learned a level 4 spell: Manifold Assault
  7818 | D:9      | Noticed a manticore
  7820 | D:9      | Noticed a cyclops
  7825 | D:9      | Killed a manticore
  7826 | D:9      | Gained mutation: Your touch may inflict irresistible damage
                  | on your foes. [demonic ancestry]
  7826 | D:9      | Reached XP level 11. HP: 58/97 MP: 9/16
  7829 | D:9      | Reached skill level 1 in Translocations
  7840 | D:9      | Reached skill level 13 in Fighting
  7983 | D:9      | Reached *** piety under Nemelex Xobeh
  8390 | D:9      | Found a stormy altar of Qazlal.
  8508 | D:9      | Received a gift from Nemelex Xobeh
  8862 | D:9      | Found Ysacrel's Fire Supplies.
  8871 | D:9      | Bought a +2 pair of boots of fire resistance for 322 gold
                  | pieces
  9099 | D:10     | Entered Level 10 of the Dungeon
  9195 | D:10     | Noticed a two-headed ogre
  9200 | D:10     | Killed a two-headed ogre
  9348 | D:10     | Reached **** piety under Nemelex Xobeh
  9370 | D:10     | Received a gift from Nemelex Xobeh
  9402 | D:10     | Noticed a two-headed ogre
  9403 | D:10     | Reached skill level 14 in Fighting
  9406 | D:10     | Killed a two-headed ogre
 10004 | D:11     | Found a staircase to the Lair.
 10005 | D:11     | Noticed a red ugly thing
 10012 | D:11     | Killed a red ugly thing
 10279 | D:11     | Received a gift from Nemelex Xobeh
 10283 | D:11     | Gained mutation: Spells you cast may paralyse adjacent
                  | enemies. [demonic ancestry]
 10283 | D:11     | Reached XP level 12. HP: 108/108 MP: 18/18
 10296 | D:11     | Reached skill level 10 in Axes
 10760 | D:11     | Found a staircase to the Orcish Mines.
 10905 | D:12     | Noticed a boulder beetle
 10911 | D:12     | Killed a boulder beetle
 10997 | D:12     | Noticed a two-headed ogre
 11001 | D:12     | Killed a two-headed ogre
 11249 | D:12     | Noticed a two-headed ogre
 11254 | D:12     | Killed a two-headed ogre
 11540 | D:12     | Received a gift from Nemelex Xobeh
 11754 | D:13     | Noticed Nessos
 11754 | D:13     | Noticed a tengu warrior
 11754 | D:13     | Noticed a five-headed hydra
 12145 | D:13     | Reached ***** piety under Nemelex Xobeh
 12155 | D:13     | Noticed Snorg
 12156 | D:13     | Reached skill level 15 in Fighting
 12161 | D:13     | Banished Snorg
 12163 | D:13     | Found a gate leading to a gauntlet.
 12169 | Gauntlet | Entered a Gauntlet
 12169 | Gauntlet | Found a transporter.
 12507 | Gauntlet | Found a transporter.
 12518 | Gauntlet | Reached skill level 10 in Invocations
 12544 | Gauntlet | Noticed a death scarab
 12545 | Gauntlet | Found a transporter.
 12546 | Gauntlet | Found a transporter.
 12551 | Gauntlet | Found a transporter.
 12554 | Gauntlet | Noticed a death yak
 12555 | Gauntlet | Noticed a death yak
 12559 | Gauntlet | Noticed a death yak
 12563 | Gauntlet | Found a transporter.
 12572 | Gauntlet | Found a transporter.
 12586 | Gauntlet | Identified the +5 battleaxe "Ysoerasm" {holy, rPois Will+
                  | Int-4 Dex+2}
 12626 | Gauntlet | Killed a death scarab
 12707 | Gauntlet | Found a transporter.
 12751 | Gauntlet | Found a transporter.
 12838 | Gauntlet | Found a transporter.
 12847 | Gauntlet | Identified the +6 longbow of the Inferno {speed, Str+8}
 12847 | Gauntlet | Identified the +1 chain mail of the Chupacabra {rC+ Regen+
                  | rCorr}
 12847 | Gauntlet | Noticed a minotaur
 12858 | Gauntlet | HP: 2/110 [minotaur/arrow (27)]
 12861 | Gauntlet | Received a gift from Nemelex Xobeh
 12861 | Gauntlet | Found a transporter.
 12864 | Gauntlet | Killed a minotaur
 13094 | Gauntlet | Identified the +6 spear "Killer Bee's Peril" {heavy, Int-3
                  | SInv Stlth+}
 13120 | D:13     | Killed a seven-headed hydra
 13123 | D:13     | Reached XP level 13. HP: 35/116 MP: 4/20
 13125 | D:13     | HP: 8/174 [Nessos/arrow (15)]
 13126 | D:13     | Shot with an arrow by Nessos

Illustrated notes

Levels and vault maps discovered:
D:1:      dpeg_arrival_boxes_within_box, layout_basic
D:2:      layout_loops_ring, serial_shops, shop, nicolae_kite_square_tiling_tiny
D:3:      layout_rooms, okawaru_metal_pillars_3, ebering_ecumenical_altar_rust
D:4:      layout_basic, minmay_temple_entry_overgrown, ebering_ghost_sewer_d,
          minmay_manual_monstrance, uniq_blork_the_orc
D:5:      layout_basic, uniq_duvessa
D:6:      layout_gridville, mainiacjoe_overflow_tiny_flanked,
          grunt_temple_overflow_open, cheibrodos_ashenzari_chains, minivault_5,
          minmay_pentangle
D:7:      layout_cave_pools, minmay_fire_ice_demons
D:8:      layout_basic, trog_wizard, chequers_serial_rivers_marsh, uniq_psyche,
          uniq_joseph
D:9:      minmay_ornate_pinched, layout_basic, general_overflow_altar,
          roderic_serpentine_path, nicolae_shop_fire_sale
          [nicolae_sub_dead_trees], minmay_crystal_water, grunt_ministairs_1
D:10:     layout_cave_pools, dk_noncrumbling_3
D:11:     layout_cave_pools, lair_entry_dummy, erik_orc_2
D:12:     layout_rooms, minivault_10
D:13:     layout_big_octagon, ximxim_vaults_locker_room, gauntlet_entry_generic,
          serial_shops, shop, kennysheep_doodads, uniq_snorg, uniq_nessos
Temple:   oiseaux_autumnal_temple

Skill      XL: |  1  2  3  4  5  6  7  8  9 10 11 12 |
---------------+-------------------------------------+-----
Axes           | 2 3 4 5 6 7 8 9 11 | 11.1
Armour         | 3 4 5 6 7 8 |  8.1
Shields        | 3 4 5 6 7 8 |  8.1
Fighting       | 4 5 7 9 11 12 14 15 | 15.3
Invocations    | 1 2 4 6 7 9 10 | 10.2
Translocations | 3 4 |  4.6

Action                     |  1- 3 |  4- 6 |  7- 9 | 10-12 | 13-15 || total
---------------------------+-------+-------+-------+-------+-------++-------
  Melee: War axe           |    64 |     5 |       |       |       ||    69
         Broad axe         |       |    88 |   183 |   386 |     2 ||   659
         Headbutt          |       |     3 |    26 |    54 |       ||    83
  Throw: Throwing net      |       |       |     1 |       |       ||     1
 Invoke: Draw Destruction  |       |       |     1 |     2 |       ||     3
         Deal Four         |       |       |       |     1 |       ||     1
  Evoke: Wand              |       |       |    11 |    37 |       ||    48
    Use: Scroll            |     1 |     8 |       |    24 |       ||    33
         Potion            |     1 |     1 |     1 |    10 |       ||    13
   Stab: Paralysed         |       |       |       |     2 |       ||     2
 Armour: Scale mail        |    22 |    47 |    58 |   162 |       ||   289
  Dodge: Dodged            |    40 |    61 |   144 |   337 |     2 ||   584
  Block: Buckler           |     8 |    12 |    63 |   130 |     2 ||   215

Table legend: (Time is in decaauts)
 A = Elapsed time spent in this place.
 B = Non-inter-level travel time spent in this place.
 C = Inter-level travel time spent in this place.
 D = Time resting spent in this place.
 E = Time spent auto-exploring this place.
 F = Levels seen in this place.
 G = Mean time per level.
                   A        B        C        D        E       F      G
               +--------+--------+--------+--------+--------+-----+--------+
         Total |  13479 |  12808 |    671 |   1479 |   9020 |  15 |  898.6 |
       Dungeon |  12176 |  11532 |    644 |    894 |   8645 |  13 |  936.6 |
        Temple |    333 |    306 |     27 |      0 |    244 |   1 |  333.0 |
      Gauntlet |    970 |    970 |      0 |    585 |    130 |   1 |  970.0 |
               +--------+--------+--------+--------+--------+-----+--------+

Top non-repeatable levels by time:
     D:8: 1459 daAuts
     D:9: 1448 daAuts
     D:6: 1393 daAuts
    D:11: 1331 daAuts
    D:12: 1084 daAuts
     D:4: 1042 daAuts
     D:1: 988 daAuts
Gauntlet: 970 daAuts
     D:5: 808 daAuts
     D:7: 700 daAuts
     D:2: 638 daAuts
     D:3: 638 daAuts
    D:10: 590 daAuts
  Temple: 333 daAuts
    D:13: 50 daAuts
